 Dungeon Crawl Stone Soup version 0.25.1-11-g244df3a29b (webtiles) character file.

Game seed: 17692725367818939848

135 DeepDeath the Poker (level 5, -4/45 HPs)
             Began as a Hill Orc Gladiator on Jan 27, 2024.
             Slain by a killer bee (5 damage)
             ... on level 3 of the Dungeon.
             The game lasted 00:07:05 (1848 turns).

DeepDeath the Poker (Hill Orc Gladiator)            Turns: 1848, Time: 00:07:05

Health: -4/45      AC:  5    Str: 18    XL:     5   Next: 18%
Magic:  4/4        EV: 15    Int:  8    God:
Gold:   142        SH:  0    Dex: 18    Spells: 4/4 levels left

rFire    . . .     SeeInvis .   a - +0 trident
rCold    + . .     Gourm    .   (no shield)
rNeg     . . .     Faith    .   b - +0 leather armour
rPois    +         Spirit   .   c - +0 helmet
rElec    .         Reflect  .   (no cloak)
rCorr    .         Harm     .   i - +0 pair of gloves
MR       +....                  (no boots)
Stlth    +.........             (no amulet)
HPRegen  0.15/turn              j - ring of protection from magic
MPRegen  0.09/turn              q - +6 ring of dexterity

@: lethally poisoned (-4 -> -15), very slightly contaminated, invisible
A: repulsion field 1, cold resistance 1, low mp 1, poison resistance
a: no special abilities


You were on level 3 of the Dungeon.
You were not hungry.

You visited 1 branch of the dungeon, and saw 3 of its levels.

You collected 142 gold pieces.

Inventory:

Hand Weapons
 a - a +0 trident (weapon)
Missiles
 d - 3 throwing nets (quivered)
 p - 16 stones
Armour
 b - a +0 leather armour (worn)
 c - a +0 helmet (worn)
 i - a +0 pair of gloves (worn)
Jewellery
 j - a ring of protection from magic (left hand)
 q - a +6 ring of dexterity (right hand)
Scrolls
 g - a scroll of identify
 h - 2 scrolls of remove curse
 k - 2 scrolls of teleportation {unknown}
 m - a scroll of blinking {unknown}
 n - a scroll of enchant weapon {unknown}
 o - a scroll of fog {unknown}
Comestibles
 f - 4 rations


   Skills:
 - Level 3.0 Fighting
 * Level 5.6 Polearms
 - Level 1.7 Throwing
 - Level 2.0 Armour
 - Level 2.4 Dodging


You had 4 spell levels left.
You didn't know any spells.
Your spell library was empty.

Dungeon Overview and Level Annotations

Branches:
Dungeon (3/15)

Altars:
Dithmenos
Vehumet
Yredelemnul


Innate Abilities, Weirdness & Mutations

You are surrounded by a mild repulsion field. (EV +2)
Your flesh is cold resistant. (rC+)
Your magical capacity is low. (-10% MP)
Your system is resistant to poisons. (rPois)


Message History

Unknown command.
Unknown command.
Unknown command.
Unknown command.
Unknown command.
Really quaff the potion of mutation?
You feel extremely strange.
You feel insulated.
You begin to radiate repulsive energy.
You feel resistant to cold.
* * * LOW HITPOINT WARNING * * *
You feel sick. The killer bee stings you.
* * * LOW HITPOINT WARNING * * *
You are more poisoned.
The killer bee poisons you! The killer bee closely misses you.
Really quaff the potion of mutation?
You feel extremely strange.
You feel conductive.
You feel less energetic.
You feel resistant to poisons.
* * * LOW HITPOINT WARNING * * *
You feel sick. The killer bee stings you.
You die...

. #.. ....... ..
.. #..###.......
...#<.#.........
..............#
..............#
........l...?.#
#............#
####+##y.....#
#.@ylb#.....
#####.# ###. #.#
#.###########
#......_....#
#..########.#
#.........#.###
#.#######.#....
#.. #####


You could see 2 killer bees, a bat and a frilled lizard.

Vanquished Creatures
  A killer bee (D:3)
  4 adders (D:3)
  An ooze (D:2)
  A worm (D:2)
  2 dart slugs (D:2)
  10 bats
  A giant cockroach (D:2)
  8 goblins
  4 hobgoblins
  3 kobolds
  2 quokkas
  A ball python (D:1)
  6 frilled lizards
  6 rats
50 creatures vanquished.

Notes
Turn   | Place    | Note
-------+----------+-------------------------------------------
     0 | D:1      | DeepDeath the Hill Orc Gladiator began the quest for the
                  | Orb.
     0 | D:1      | Reached XP level 1. HP: 18/18 MP: 1/1
   137 | D:1      | Reached XP level 2. HP: 20/25 MP: 2/2
   380 | D:1      | Reached skill level 1 in Armour
   442 | D:2      | Reached skill level 4 in Polearms
   442 | D:2      | Reached XP level 3. HP: 26/30 MP: 3/3
   677 | D:2      | Found a shadowy altar of Dithmenos.
   974 | D:2      | Found a basalt altar of Yredelemnul.
  1354 | D:3      | Reached XP level 4. HP: 35/38 MP: 4/4
  1772 | D:3      | Reached skill level 5 in Polearms
  1807 | D:3      | Found a radiant altar of Vehumet.
  1842 | D:3      | Reached XP level 5. HP: 16/45 MP: 5/5
  1847 | D:3      | Gained mutation: You are resistant to electric shocks.
                  | (rElec) [potion of mutation]
  1847 | D:3      | Gained mutation: You are surrounded by a mild repulsion
                  | field. (EV +2) [potion of mutation]
  1847 | D:3      | Gained mutation: Your flesh is cold resistant. (rC+)
                  | [potion of mutation]
  1848 | D:3      | Lost mutation: You are resistant to electric shocks.
                  | (rElec) [potion of mutation]
  1848 | D:3      | Gained mutation: Your magical capacity is low. (-10% MP)
                  | [potion of mutation]
  1848 | D:3      | Gained mutation: Your system is resistant to poisons.
                  | (rPois) [potion of mutation]
  1848 | D:3      | HP: 1/45 [poisoned by a killer bee]
  1848 | D:3      | Slain by a killer bee

Illustrated notes

Levels and vault maps discovered:
D:1:      nzn_arrival_depleted_hourglass, layout_basic
D:2:      layout_basic, lemuel_round_altar, first_ration,
          kennysheep_decorative_pillar, nicolae_dithmenos_shadow_blocks
D:3:      layout_basic, overflow_temple_1_default, lemuel_coloured_pillars_altar

Skill      XL: |  1  2  3  4 |
---------------+-------------+-----
Armour         | 1 2 |  2.0
Polearms       | 4 5 |  5.6
Fighting       | 3 |  3.0
Throwing       | |  1.7
Dodging        | |  2.4

Action                   |  1- 3 |  4- 6 || total
-------------------------+-------+-------++-------
Melee: Trident           |   134 |    53 ||   187
Throw: Throwing net      |       |     3 ||     3
  Use: Scroll            |     4 |     2 ||     6
       Potion            |       |     4 ||     4
 Stab: Sleeping          |     1 |       ||     1
       Invisible         |       |     3 ||     3
  Eat: Chunk             |     1 |     2 ||     3
Armor: Leather armour    |    39 |    10 ||    49
Dodge: Dodged            |    63 |    54 ||   117
